AoeStats
← L_S_D_D_S_L

Arabia

508723573Analyzed
1v1 RM · 10d ago on Sep 23, 2026· 36m 13s· 2 players
Game mode
Random Map
Map size
Tiny (2 player)
Population
200
Speed
Normal
Resources
Standard
Victory
Conquest
Starting age
Dark Age
Ending age
Imperial Age
RankedLock teamsTeams togetherTeam positionsShared explorationLock speedFull tech treeHidden civsTurbo modeCheats
Victory
Defeat
🇺🇸 Magyars · United States
901
+14
🇮🇹 Varangians · Italy
868
-14
L_S_D_D_S_L
7:51 Loom
10:27 Feudal Age
11:08 Double-Bit Axe
11:35 Horse Collar
20:09 Castle Age
18:49 Forging
20:54 Husbandry
24:27 Heavy Plow
26:05 Bloodlines
27:29 Bow Saw
29:20 Iron Casting
31:58 Scale Barding Armor
33:13 Wheelbarrow
34:59 Fletching
36:40 Hand Cart
yzzgeorge
8:24 Loom
10:57 Feudal Age
12:08 Double-Bit Axe
19:12 Bloodlines
23:27 Castle Age
22:58 Scale Barding Armor
23:43 Horse Collar
24:11 Fletching
26:39 Gold Mining
27:49 Husbandry
30:26 Bow Saw
36:06 Imperial Age
35:13 Stone Mining
36:05 Wheelbarrow
35:44 Thumb Ring
35:38 Bodkin Arrow
Connection lost

Rejoining the realm…

Still unreachable

The connection could not be restored.

Session expired

The server has moved on; the page needs a fresh start.